 Dungeon Crawl Stone Soup version 0.25-a0-1130-g3926558f3a (webtiles) character file.

Game seed: 14354352824172901246, levelgen mode: deterministic

595 MisterFreud the Slasher (level 7, -8/48 HPs)
             Began as an Octopode Gladiator on May 19, 2020.
             Mangled by an ogre
             ... wielding a +0 giant club
              (18 damage)
             ... on level 5 of the Dungeon.
             The game lasted 00:05:41 (3515 turns).

MisterFreud the Slasher (Octopode Gladiator)        Turns: 3515, Time: 00:05:41

Health: -8/48      AC:  1    Str: 14    XL:     7   Next: 40%
Magic:  7/7        EV: 16    Int: 12    God:
Gold:   198        SH:  0    Dex: 13    Spells: 6/6 levels left

rFire    + . .     SeeInvis +   a - +0 long sword
rCold    . . .     Gourm    .   (no shield)
rNeg     . . .     Faith    .   b - +0 hat
rPois    .         Spirit   .   (no amulet)
rElec    .         Reflect  .   t - ring of see invisible
rCorr    .         Harm     .   v - ring of protection from fire
MR       .....                  (no ring)
Stlth    ++........             (no ring)
HPRegen  0.16/turn              (no ring)
MPRegen  0.10/turn              (no ring)
                                (no ring)
                                (no ring)

@: no status effects
A: almost no armour, stealthy swim, amphibious, 8 rings, constrict 8, camouflage
1, gelatinous body 1
a: no special abilities


You were on level 5 of the Dungeon.
You were not hungry.

You visited 1 branch of the dungeon, and saw 5 of its levels.

You collected 198 gold pieces.

Inventory:

Hand Weapons
 a - a +0 long sword (weapon)
Missiles
 c - 3 throwing nets (quivered)
 f - 22 bolts
 i - 204 stones
 n - 33 sling bullets
 u - 20 arrows
 w - 5 atropa-tipped darts
Armour
 b - a +0 hat (worn)
Jewellery
 t - a ring of see invisible (left tentacle)
 v - a ring of protection from fire (right tentacle)
Scrolls
 e - 2 scrolls of amnesia {unknown}
 h - 2 scrolls of teleportation {unknown}
 k - 4 scrolls of identify {unknown}
 l - 2 scrolls of remove curse {unknown}
 m - 2 scrolls of enchant armour {unknown}
 q - 2 scrolls of magic mapping {unknown}
 y - a scroll of enchant weapon {unknown}
Potions
 g - 2 potions of curing {unknown}
 j - a potion of degeneration {unknown}
 o - a potion of stabbing {unknown}
 p - a potion of ambrosia {unknown}
 r - 2 potions of berserk rage
 s - a potion of resistance {unknown}
Comestibles
 d - 8 rations
 x - 4 chunks of flesh


   Skills:
 - Level 4.0 Fighting
 - Level 6.0 Long Blades
 - Level 2.0 Throwing
 + Level 5.4 Dodging


You had 6 spell levels left.
You didn't know any spells.
Your spell library was empty.

Dungeon Overview and Level Annotations

Branches:
Dungeon (5/15)
 Temple: D:4-7

Altars:
Trog

Shops:
D:4 =


Innate Abilities, Weirdness & Mutations

You cannot wear most types of armour.
You are very stealthy in the water. (Stealth+)
You are amphibious.
You can wear up to eight rings at the same time.
You can use your tentacles to constrict eight enemies at once.
Your skin changes colour to match your surroundings (Stealth+).
Your rubbery body absorbs attacks. (AC +1, EV +1)


Message History

The ogre is moderately wounded.
You barely miss the ogre.
The ogre is moderately wounded.
The ogre completely misses you.
You hit the ogre.
The ogre is moderately wounded.
The ogre hits you with a +0 giant club!!
* * * LOW HITPOINT WARNING * * *
There is a stone staircase leading down here.
The ogre misses you.
You riposte.
You hit the ogre. You squeeze the ogre!
The ogre is heavily wounded.
You climb downwards.
There is a stone staircase leading up here.
The ogre hits you with a +0 giant club!
* * * LOW HITPOINT WARNING * * *
Found a scroll labeled JETOUVV ZEHERI.
An adder comes into view.
Found 8 gold pieces.
The ogre hits you with a +0 giant club!!
You die...

######...
####.......#
..........###
...........###..
#..#............
##.#......##....
#...###.$....#
##..O###.#.....
##.@#.#.# ....
###..#...# ..
##......####
#..........# .
##.#......###..
###.##........
####........
#.......#
##........


You could see an ogre.

Vanquished Creatures
  Menkaure (D:4)
  Duvessa (D:4)
  A big kobold (D:3)
  Dowan (D:4)
  4 hounds (D:4)
  5 adders
  2 oozes (D:1)
  2 dart slugs (D:2)
  2 worms (D:2)
  2 orcs
  2 ball pythons
  13 bats
  4 giant cockroaches
  5 goblins
  7 hobgoblins
  A quokka (D:2)
  8 frilled lizards
  14 kobolds
  A quokka skeleton (D:4)
  8 rats
84 creatures vanquished.

Notes
Turn   | Place    | Note
-------+----------+-------------------------------------------
     0 | D:1      | MisterFreud the Octopode Gladiator began the quest for the
                  | Orb.
     0 | D:1      | Reached XP level 1. HP: 14/14 MP: 1/1
   143 | D:1      | Reached XP level 2. HP: 20/20 MP: 2/2
   367 | D:1      | Reached XP level 3. HP: 26/26 MP: 3/3
  1113 | D:2      | Reached XP level 4. HP: 32/33 MP: 4/4
  1139 | D:2      | Found a faded altar of an unknown god.
  1783 | D:3      | Reached skill level 4 in Long Blades
  2163 | D:3      | Reached XP level 5. HP: 35/37 MP: 5/5
  2184 | D:3      | Noticed a big kobold
  2264 | D:3      | Killed a big kobold
  2264 | D:3      | Reached skill level 5 in Long Blades
  2998 | D:4      | Noticed Dowan
  3000 | D:4      | Noticed Duvessa
  3012 | D:4      | Reached XP level 6. HP: 35/43 MP: 6/6
  3023 | D:4      | HP: 1/64 [Duvessa/+0 short sword (11)]
  3024 | D:4      | Killed Duvessa
  3024 | D:4      | Reached skill level 6 in Long Blades
  3030 | D:4      | Killed Dowan
  3333 | D:4      | Reached XP level 7. HP: 46/48 MP: 7/7
  3355 | D:4      | Found Xecweix's Jewellery Shoppe.
  3368 | D:4      | Found a bloodstained altar of Trog.
  3375 | D:4      | Noticed Menkaure
  3381 | D:4      | Killed Menkaure
  3381 | D:4      | Reached skill level 5 in Dodging
  3496 | D:5      | Entered Level 5 of the Dungeon
  3515 | D:5      | Mangled by an ogre

Illustrated notes

Levels and vault maps discovered:
D:1:      dpeg_arrival_pits, layout_basic
D:2:      layout_rooms, chequers_ecumenical_altar_island, serial_corexii_hall,
          corexii_hall_statues_i, corexii_hall_statues_deadend,
          corexii_hall_statues_s, chequers_hall_statues_corner_a, first_ration
D:3:      cheibrodos_thug_alley, layout_loops_ring
D:4:      layout_basic, grunt_temple_overflow_diamond, bloody_trog,
          serial_shops, kennysheep_mini, uniq_blork_the_orc, uniq_sigmund,
          uniq_duvessa, uniq_menkaure
D:5:      layout_cave_pools, overflow_temple_1_default, serial_shops,
          nicolae_shop_temple_entry_statues_fountains

Skill      XL: |  1  2  3  4  5  6  7 |
---------------+----------------------+-----
Fighting       | 3 4 |  4.0
Long Blades    | 4 5 6 |  6.0
Dodging        | 4 5 |  5.4
Throwing       | |  2.0

Action                   |  1- 3 |  4- 6 |  7- 9 || total
-------------------------+-------+-------+-------++-------
Melee: Long sword        |    66 |    88 |    12 ||   166
       Constrict         |    20 |    26 |     3 ||    49
       Tentacles         |    11 |    20 |     4 ||    35
  Use: Potion            |       |     1 |       ||     1
 Stab: Sleeping          |     5 |     2 |       ||     7
       Distracted        |     1 |     1 |       ||     2
  Eat: Chunk             |     1 |     3 |     1 ||     5
       Ration            |       |     1 |       ||     1
Armor: Skin              |    10 |     2 |     1 ||    13
Dodge: Dodged            |    49 |    61 |    10 ||   120
       Rpst.: Long sword |    20 |    12 |     7 ||    39

Table legend:
 A = Non-vault XP
 B = Vault XP
 C = Vault XP percentage of total XP
 D = Non-vault monster count
 E = Vault monster count
 F = Vault count percentage of total count
                 A         B        C        D         E       F
            +---------+---------+-------+---------+---------+-------
      Total |     355 |     496 |  58.3 |      70 |      14 |  16.7
            +---------+---------+-------+---------+---------+-------
        D:1 |      48 |       0 |   0.0 |      25 |       0 |   0.0
        D:2 |      91 |       0 |   0.0 |      30 |       0 |   0.0
        D:3 |      24 |     108 |  81.8 |       8 |      11 |  57.9
        D:4 |     192 |     388 |  66.9 |       7 |       3 |  30.0
            +---------+---------+-------+---------+---------+-------
